 Dungeon Crawl Stone Soup version 0.29.1-13-g9f3cf754e1 (webtiles) character file.

Game seed: 10771248102417726021

18 Exodus22XD the Covered (level 2, 27/27 HPs)
             Began as a Minotaur Fighter on Feb 3, 2023.
             Was a Follower of Wu Jian.
             Quit the game on level 1 of the Dungeon.
             The game lasted 00:00:39 (538 turns).

Exodus22XD the Covered (Minotaur Fighter)            Turns: 538, Time: 00:00:40

Health: 27/27      AC:  7    Str: 20    XL:     2   Next: 48%
Magic:  1/1        EV:  9    Int:  5    God:    Wu Jian [*.....]
Gold:   46         SH:  4    Dex:  9    Spells: 1/1 levels left

rFire   . . .      SeeInvis .   a - +0 war axe
rCold   . . .      Faith    .   c - +0 buckler
rNeg    . . .      Spirit   .   b - +0 scale mail
rPois   .          Reflect  .   (helmet restricted)
rElec   .          Harm     .   (no cloak)
rCorr   .          Rampage  .   (no gloves)
Will    .....                   (no boots)
Stlth   ..........              (no amulet)
HPRegen 0.09/turn               (no ring)
MPRegen 0.07/turn               (no ring)

@: no status effects
A: horns 2, retaliatory headbutt
a: Renounce Religion


You were on level 1 of the Dungeon.
You worshipped Wu Jian.
Wu Jian was aware of your devotion.
You visited 1 branch of the dungeon, and saw 1 of its levels.

You collected 46 gold pieces.

Inventory:

Hand Weapons
 a - a +0 war axe (weapon)
Armour
 b - a +0 scale mail (worn)
 c - a +0 buckler (worn)
Jewellery
 e - a ring of ice
Scrolls
 f - a scroll of immolation {unknown}
Potions
 d - 2 potions of might
 g - a potion of cancellation {unknown}
 h - a potion of berserk rage {unknown}
 i - a potion of curing {unknown}
 j - a potion of invisibility {unknown}


   Skills:
 + Level 4.0 Fighting
 + Level 2.5 Axes
 + Level 4.0 Armour
 + Level 3.9 Shields


You had one spell level left.
You didn't know any spells.
Your spell library was empty.

Dungeon Overview and Level Annotations

Branches:
Dungeon (1/15)

Altars:
Wu Jian

Shops:
D:1 *


Innate Abilities, Weirdness & Mutations

You have a pair of horns on your head.
You reflexively headbutt those who attack you in melee.


Message History

You see here 5 poisoned darts.
Found a stone staircase leading down.
No target in view!
You now have 46 gold pieces (gained 14).
A ball python comes into view.
The ball python hisses angrily.
Found 7 stones.
A ball python is nearby!
A ball python is nearby!
You slash the ball python!
You kill the ball python!
Key pressed, stopping explore.
No target in view!
No target in view!
You open the door.
There is an open door here.
You open the large door.
There is a large open door here.
Found a faded altar of an unknown god.
No target in view!
There is a faded altar of an unknown god here.
Found a stone staircase leading down.
No target in view!
i - a smoky dark potion No target in view!
There is a stone staircase leading down here.
You open the door.
There is an open door here.
j - a puce potion No target in view!
There is an open door here.
There is a faded altar of an unknown god here.
You cannot tell which god this altar belongs to.
Convert to them anyway?
Wu Jian accepts your prayer! The Council welcomes you!
You can now perform damaging attacks by moving towards foes.
You can now lightly attack monsters by moving around them.
Are you sure you want to abandon this character and quit the game? (Confirm with "yes".)
Okay, then.
Are you sure you want to abandon this character and quit the game? (Confirm with "yes".)

#......#' #+### #........ ....#
#########........ ....#
#................ ....#
#.###########.#.. #'### #.# #.###
#.############# ### ########....
#>.........##.###.####...........
#............#.#@#.#.............
...........####.###.#####.##.....
###.......## ### ### #.##.....
#.......# #.##..... #.......#
##.##..... #.......# #...'.....
######### #'###..... #.# ######
#.# #


There were no monsters in sight!

Vanquished Creatures
  A gnoll (D:1)
  A ball python (D:1)
  2 endoplasms (D:1)
  2 hobgoblins (D:1)
  A quokka (D:1)
7 creatures vanquished.

Notes
Turn   | Place    | Note
-------+----------+-------------------------------------------
     0 | D:1      | Exodus22XD the Minotaur Fighter began the quest for the
                  | Orb.
     0 | D:1      | Reached XP level 1. HP: 19/19 MP: 0/0
   337 | D:1      | Found Kitrees's Assorted Antiques.
   368 | D:1      | Reached XP level 2. HP: 27/27 MP: 1/1
   494 | D:1      | Found a faded altar of an unknown god.
   537 | D:1      | Prayed at the altar of an unknown god.
   537 | D:1      | Became a worshipper of the Wu Jian Council
   537 | D:1      | Reached * piety under Wu Jian
   538 | D:1      | Quit the game

Illustrated notes

Levels and vault maps discovered:
D:1:      mrwooster_arrival_arrow, layout_basic,
          chequers_ecumenical_altar_twisty, serial_shops, shop

Skill      XL: |  1 |
---------------+----+-----
Fighting       | 4 |  4.0
Armour         | 4 |  4.0
Axes           | |  2.5
Shields        | |  3.9

Action                   || total
-------------------------++-------
Melee: War axe           ||    19
       Headbutt          ||     4
Armor: Scale mail        ||     5
Dodge: Dodged            ||     7
Block: Buckler           ||     2
